cohdb
Replays
Latest Replays
All Replays
Popular Replays
Top Player Replays
Match Explorer
How It Works
Community
CoH3 Stats
Reddit
Sign in to upload your games and track your stats! →
Sign in with Steam
Meta thoughts: Luftwaffe leaves Wehr exposed to Indian Arty
Match 15478539
Overview
Messages
Build Orders
End
Construct Section Command Post
Vickers Machine Gun Team
Infantry Section
Infantry Section
Infantry Section
Royal Engineer Section
Construct Platoon Command Post
Unlock M3 Stuart Light Tanks
Vickers Machine Gun Team
M3 Stuart Light Tank
Construct Field Infirmary
M3 Stuart Light Tank
Light Vehicle Training
6-pounder Anti-tank Gun Team
Construct Company Command Post
Crusader II Medium Tank
Crusader II Medium Tank
Armored Vehicle Training
Crusader II Medium Tank
黑星闪闪
oki
阿瓜
rclg
Thunderhill
ashilrye
玖月
飞行的猫先森
0
0
Comments
sign in to comment!
No comments posted yet!